Map: 闪烬平原-天梯版

Players

轻雪小师姐

  • Race: Terran Terran
  • League: Grandmaster

四川泽斯特 - Winner!

  • Race: Protoss Protoss

VOD

Have the link to the VOD?

Description

Time

  • Played on: Nov. 7, 2021, 2 a.m.
  • Length: 7:54
Show
View Real Time Build Order
Export as new Build Order

轻雪小师姐 Terran 

Build Orders:  

Get SALT Encoding   

  12  0:02  SCV  
  14  0:14  SCV  
  14  0:17  Supply Depot  
  14  0:26  SCV  
  15  0:39  SCV  
  15  0:40  Barracks  
  16  0:44  Refinery  
  16  0:51  SCV  
  17  1:03  SCV  
  18  1:18  SCV  
  19  1:30  Marine  
  19  1:31  Orbital Command  
  20  1:45  Command Center  
  20  1:55  Barracks Reactor  
  20  1:56  Supply Depot  
  20  1:59  SCV  
  21  2:11  SCV  
  22  2:16  Barracks  
  22  2:20  Barracks  
  22  2:25  SCV  
  23  2:32  Marine x2  
  25  2:37  SCV  
  26  2:50  Marine x2  
  28  2:57  Orbital Command  
  28  2:59  SCV  
  28  3:05  Barracks Tech Lab  
  29  3:07  Marine  
  29  3:08  Barracks Tech Lab, Marine  
  29  3:11  SCV  
  32  3:14  Supply Depot  
  32  3:22  SCV  
  32  3:23  SCV  
  32  3:25  Marine x3  
  32  3:26  Marine  
  38  3:29  Stimpack, Combat Shield  
  38  3:37  SCV x2  
  38  3:38  Supply Depot  
  40  3:43  Marine x2  
  40  3:47  Marauder x2  
  46  3:50  SCV  
  46  3:52  SCV  
  46  3:55  Engineering Bay  
  48  4:01  Supply Depot  
  48  4:02  Marine x2  
  50  4:06  SCV x2  
  50  4:09  Marauder  
  54  4:12  Marauder  
  56  4:20  Marine x2  
  56  4:21  SCV x2  
  56  4:23  Refinery  
  60  4:24  Supply Depot  
  60  4:31  Marine  
  61  4:33  Marine  
  62  4:39  SCV x2  
  62  4:41  Terran Infantry Weapons Level 1  
  64  4:46  Missile Turret  
  64  4:47  Supply Depot  
  64  4:51  Missile Turret  
  64  4:52  Marine x4  
  67  4:57  SCV x2  
  67  4:58  Refinery  
  70  5:00  Concussive Shells, Refinery  
  69  5:09  SCV x2  
  69  5:17  Marine x3  
  69  5:20  Factory  
  72  5:31  SCV x2  
  72  5:33  Marauder  
  72  5:35  Marine x2  
  80  5:36  Marauder  
  80  5:43  Supply Depot  
  80  5:46  SCV x2  
  82  5:53  Marine x2  
  84  5:57  Supply Depot  
  84  6:01  Command Center  
  84  6:04  Barracks x2  
  84  6:05  Starport  
  84  6:06  Factory Reactor  
  84  6:08  Marauder  
  84  6:09  Marauder  
  84  6:10  Marine x2  
  88  6:23  SCV x2  
  90  6:33  Supply Depot  
  90  6:34  Supply Depot  
  90  6:35  Marine x2  
  92  6:51  Marauder x2, Factory Reactor  
  95  6:56  Barracks Tech Lab, Barracks Reactor  
  91  7:14  Marine x2, SCV x2  
  95  7:26  SCV x2  
  97  7:40  Barracks Tech Lab  
  97  7:43  Missile Turret  
Show
View Real Time Build Order
Export as new Build Order

四川泽斯特 Protoss - Winner!

Build Orders: 1 Gate Expand, Blink Stalkers, Zealot Archon 

Get SALT Encoding   

  12  0:00  Probe  
  13  0:12  Probe  
  14  0:18  Pylon  
  14  0:25  Probe (Chrono Boost)  
  15  0:38  Gateway, Probe (Chrono Boost)  
  16  0:44  Probe (Chrono Boost)  
  16  0:48  Assimilator  
  17  0:52  Probe  
  18  1:04  Probe  
  19  1:17  Probe  
  20  1:27  Cybernetics Core  
  20  1:35  Nexus  
  20  1:39  Probe  
  21  1:45  Pylon  
  21  1:51  Probe (Chrono Boost)  
  22  1:55  Assimilator  
  21  2:03  Warp Gate, Probe (Chrono Boost)  
  22  2:11  Probe (Chrono Boost)  
  23  2:18  Probe (Chrono Boost)  
  23  2:21  Twilight Council  
  25  2:30  Stalker, Probe (Chrono Boost)  
  25  2:35  Probe (Chrono Boost)  
  28  2:38  Gateway  
  28  2:47  Probe (Chrono Boost)  
  28  2:48  Probe (Chrono Boost)  
  30  2:53  Blink (Chrono Boost)  
  30  2:56  Probe (Chrono Boost)  
  32  2:59  Probe (Chrono Boost)  
  32  3:01  Probe (Chrono Boost)  
  33  3:08  Probe  
  33  3:11  Gateway  
  34  3:15  Stalker  
  34  3:18  Probe  
  37  3:23  Probe  
  38  3:27  Robotics Facility  
  38  3:32  Pylon  
  38  3:33  Probe  
  39  3:37  Probe  
  40  3:45  Pylon  
  40  3:46  Shield Battery, Probe  
  41  3:50  Assimilator, Probe  
  41  3:52  Sentry  
  44  3:56  Assimilator  
  44  3:58  Probe  
  45  4:03  Probe  
  45  4:05  Stalker  
  45  4:08  Pylon  
  48  4:10  Probe  
  48  4:14  Observer  
  50  4:18  Stalker  
  50  4:21  Probe  
  53  4:24  Stalker  
  53  4:27  Probe  
  56  4:35  Stalker  
  56  4:37  Observer  
  59  4:40  Probe  
  59  4:41  Stalker  
  59  4:44  Pylon  
  62  4:48  Probe  
  62  4:49  Stalker  
  65  4:55  Forge  
  65  5:02  Shield Battery  
  65  5:03  Robotics Bay  
  65  5:18  Probe x2  
  65  5:19  Warp Prism  
  69  5:23  Dark Shrine  
  69  5:28  Protoss Ground Weapons Level 1  
  69  5:30  Probe, Nexus  
  69  5:32  Charge  
  69  5:34  Probe  
  71  5:52  Probe x2  
  71  5:54  Extended Thermal Lance  
  73  5:57  Pylon  
  73  6:04  Probe  
  73  6:10  Probe  
  73  6:11  Pylon  
  75  6:12  Colossus (Chrono Boost)  
  81  6:22  Probe x2  
  83  6:27  Gateway  
  83  6:29  Gateway x2  
  83  6:31  Photon Cannon  
  83  6:34  Probe  
  83  6:38  Dark Templar  
  86  6:40  Dark Templar x2  
  86  6:44  Probe x2  
  90  6:59  Colossus (Chrono Boost)  
  96  7:15  Probe  
  95  7:18  Probe x2  
  95  7:20  Dark Templar x2  
  95  7:21  Zealot  
  103  7:23  Assimilator  
  103  7:25  Archon  
  103  7:27  Assimilator  
  101  7:31  Gateway  
  101  7:32  Gateway  
  101  7:35  Shield Battery  
  101  7:37  Photon Cannon  
  101  7:40  Probe x3  
Tags
 
Add a new tag
Caveats
  • Supply blocks, unpowered buildings, or Contaminate may cause inaccurate times.
  • Supply counts are checked every 10 seconds.